 Dungeon Crawl Stone Soup version 0.22.1-1-ga44c0e56f4 (webtiles) character file.

251068 Peloso the Fencer (level 18, -4/178 HPs)
             Began as a Minotaur Fighter on Oct 6, 2018.
             Was the Champion of Okawaru.
             Slain by a vault warden
             ... wielding a +1 battleaxe of freezing
              (36 damage)
             ... on level 1 of the Vaults.
             The game lasted 02:03:18 (36736 turns).

Peloso the Fencer (Minotaur Fighter)               Turns: 36736, Time: 02:03:18

Health: -4/178     AC: 21    Str: 31    XL:     18   Next: 92%
Magic:  17/19      EV: 15    Int:  8    God:    Okawaru [******]
Gold:   1851       SH: 20    Dex: 19    Spells: 17/17 levels left

rFire    . . .     SeeInvis +   b - +4 double sword (elec)
rCold    . . .     Gourm    .   c - +0 shield
rNeg     + . .     Faith    .   X - +0 shadow dragon scales
rPois    +         Spirit   .   N - +2 hat {SInv}
rElec    .         Reflect  +   q - scarf {repulsion}
rCorr    .         Harm     .   s - +2 pair of gloves "Dirymunn" {rN+ MR+++ Int+6 Stlth-}
MR       ++++.                  k - +0 pair of boots {run}
Stlth    ++++......             e - +3 amulet of reflection
HPRegen  0.39/turn              U - ring of Xom's Amusement {rPois Str+5 Int-3 Dex+6 Stlth+}
MPRegen  0.16/turn              o - +3 ring of slaying

@: corroded, drained, repel missiles, quick
A: retaliatory headbutt, horns 2
}: 2/15 runes: decaying, gossamer
a: Heroism, Finesse, Renounce Religion


You were on level 1 of the Vaults.
You worshipped Okawaru.
Okawaru was exalted by your worship.
You were very full.

You visited 7 branches of the dungeon, and saw 33 of its levels.
You visited 1 bazaar.
You also visited: Trove and Ossuary.

You collected 3494 gold pieces.
You spent 1643 gold pieces at shops.

Inventory:

Hand Weapons
 a - a +4 demon blade of flaming
 b - a +4 double sword of electrocution (weapon)
 v - the +4 hand crossbow of the Heavens {elec, rF+}
   (You bought it in a shop in a bazaar)

   It charges the ammunition it shoots with electricity; occasionally upon a
   hit, such missiles may discharge and cause terrible harm.
   It protects you from fire.
Armour
 c - a +0 shield (worn)
 h - a +0 pair of boots of flying
 i - a +2 buckler of cold resistance
 k - a +0 pair of boots of running (worn)
 q - a scarf of repulsion (worn)
 s - the +2 pair of gloves "Dirymunn" (worn) {rN+ MR+++ Int+6 Stlth-}
   (Okawaru gifted it to you on level 1 of the Swamp)

   It affects your intelligence (+6).
   It protects you from negative energy.
   It affects your resistance to hostile enchantments.
   It makes you less stealthy.
 y - +0 ice dragon scales
 N - a +2 hat of see invisible (worn)
 X - +0 shadow dragon scales (worn)
Jewellery
 e - a +3 amulet of reflection (around neck)
 j - an uncursed ring of protection from magic
 n - an uncursed ring of resist corrosion
 o - a +3 ring of slaying (right hand)
 p - an uncursed ring of protection from magic
 w - an uncursed amulet of the gourmand
 z - an uncursed ring of protection from cold
 L - an uncursed ring of protection from fire
 U - the ring of Xom's Amusement (left hand) {rPois Str+5 Int-3 Dex+6 Stlth+}
   (You found it in a treasure trove)

   [ring of strength]

   It affects your strength (+5).
   It affects your intelligence (-3).
   It affects your dexterity (+6).
   It protects you from poison.
   It makes you more stealthy.
Wands
 P - a wand of digging (3)
Scrolls
 l - 10 scrolls of remove curse
 m - 3 scrolls of holy word
 r - 12 scrolls of magic mapping
 D - 5 scrolls of blinking
 G - 7 scrolls of identify
 Q - a scroll of teleportation
 R - a scroll of noise
Potions
 d - 5 potions of might
 g - 7 potions of heal wounds
 t - 6 potions of berserk rage
 B - 6 potions of agility
 C - 5 potions of resistance
 E - 11 potions of curing
 I - 6 potions of flight
 M - 7 potions of haste
Comestibles
 f - 56 rations
 x - 4 chunks of flesh


   Skills:
 + Level 20.0(19.8) Fighting
 + Level 20.0(19.8) Long Blades
 + Level 18.1(17.9) Armour
 + Level 7.6(7.4) Dodging
 + Level 5.1(5.0) Stealth
 + Level 18.5(18.3) Shields
 + Level 0.1(0.0) Unarmed Combat
 + Level 2.9(2.7) Invocations
 + Level 1.4(1.3) Evocations


You had 17 spell levels left.
You didn't know any spells.
Your spell library contained the following spells:

 Spells                   Type           Power        Failure   Level  Hunger
 Animate Skeleton         Necr           N/A          77%         1    ##.....
 Apportation              Tloc           #.....       77%         1    ##.....
 Confusing Touch          Hex            #.....       77%         1    ##.....
 Flame Tongue             Conj/Fire      #....        77%         1    ##.....
 Sandblast                Erth           #.....       77%         1    ##.....
 Shock                    Conj/Air       #...         77%         1    ##.....
 Summon Small Mammal      Summ           #...         77%         1    ##.....
 Passwall                 Tmut/Erth      #.......     88%         2    ###....
 Swiftness                Chrm/Air       #.......     88%         2    ###....
 Throw Flame              Conj/Fire      #.....       88%         2    ###....
 Conjure Flame            Conj/Fire      #.......     98%         3    ####...
 Gell's Gravitas          Tloc           #.........   98%         3    ####...
 Inner Flame              Hex/Fire       #.......     98%         3    ####...
 Portal Projectile        Hex/Tloc       #.....       98%         3    ####...
 Static Discharge         Conj/Air       #.......     98%         3    ####...
 Stone Arrow              Conj/Erth      #.....       98%         3    ####...
 Airstrike                Air            #.........   100%        4    #####..
 Force Lance              Conj/Tloc      #.......     100%        4    #####..
 Leda's Liquefaction      Hex/Erth       #.........   100%        4    #####..
 Petrify                  Tmut/Erth      #.......     100%        4    #####..
 Sticky Flame             Conj/Fire      #.......     100%        4    #####..
 Bolt of Magma            Conj/Fire/Erth #.........   100%        5    ######.
 Fireball                 Conj/Fire      #.........   100%        5    ######.
 Lee's Rapid Deconstruct  Erth           #.........   100%        5    ######.
 Lightning Bolt           Conj/Air       #.........   100%        5    ######.
 Dispersal                Tloc           #.........   100%        6    #######
 Iron Shot                Conj/Erth      #.........   100%        6    #######
 Statue Form              Tmut/Erth      #........    100%        6    #######
 Controlled Blink         Tloc           N/A          100%        8    #######
 Disjunction              Tloc           #.........   100%        8    #######
 Shatter                  Erth           #.........   100%        9    #######


Dungeon Overview and Level Annotations

Branches:
Dungeon (15/15)            Temple (1/1) D:5            Lair (6/6) D:11
  Swamp (4/4) Lair:3       Spider (4/4) Lair:3        Slime (0/5) Lair:6
    Orc (2/2) D:9             Elf (0/3) Orc:2        Vaults (1/5) D:14
 Depths (0/5) D:15

Altars:
Ashenzari
Cheibriados
Dithmenos
Elyvilon
Fedhas
Gozag
Hepliaklqana
Kikubaaqudgha
Okawaru
Qazlal
Ru
Sif Muna
Uskayaw
Vehumet
Wu Jian
Xom
Yredelemnul
Zin
Jiyva

Shops:
D:9 *:=(   Orc:2 ?}[(   Vaults:1 ?(


Innate Abilities, Weirdness & Mutations

You reflexively headbutt those who attack you in melee.
You have a pair of horns on your head.


Message History

You kill the deep elf mage!
Okawaru accepts your kill. Something appears at your feet!
Okawaru grants you a weapon!
The rust devil disappears in a puff of smoke!
The hell rat disappears in a puff of smoke!
The tarantella disappears in a puff of smoke!
The hell rat disappears in a puff of smoke!
The demonic crawler disappears in a puff of smoke!
The orc knight yells at you, "GO AWAY!" You block the vault warden's attack.
The yaktaur wields an arbalest.
The yaktaur shoots a bolt.
The bolt hits you.
* * * LOW HITPOINT WARNING * * *
You hit the vault warden but do no damage.
You block the vault sentinel zombie's attack.
Unknown command.
You slash the vault warden! Your headbutt misses the vault warden.
The vault warden is lightly wounded.
The vault warden hits you with a battleaxe of freezing!!!
You die...

***######.(.######*** *,,
*,.....$#)).#$.[...,* ***
*,..#####...#####h.,*
*,,,,*#.(...(.##...,*
*,*,,,##.%)..##...#,*
*,**.,,##.).##...#*,********
******,**#..,##)##...#**,**,,,,,,
,,,,**,*,*#...#p#)..#*,*,**,,,,,,
,,,,****,,*#..Z§@).#*,,****,,,,,,
,,,,+,,,,,,##.cZ..##,,,,,,*,,,,,,
,,,,+,,,,.(.'.....+.,,,,,,*,,,,,,
,,,,*,,,,..##.....##..,,,,+,,,,,,
,,,,****.c*#.......**..#***,,,,,,
,,,>**,*.*#...#'#...**.#,**,,,,,,
,,,,**,**#...##.*#...**#,******++
,,,,**,**...#*.o,*#..,**,* *,,,
,,,,**,*,,,**,,,,,**,,,*,* *,,,


You could see a vault warden, an orc knight (fleeing), 2 yaktaurs, a warg, an
ettin zombie and a vault sentinel zombie.

Vanquished Creatures
  Arachne (Spider:2)
  Gastronok (D:9)
  4 thorn hunters
  Kirke (Swamp:1)
  An orc warlord (Orc:1)
  6 ghost moths (Spider:4)
  The ghost of Vyinu the Warrior, an adept GrFi of Ru (Spider:2)
  2 vault wardens (Vaults:1)
  5 emperor scorpions
  2 ironheart preservers (Vaults:1)
  5 entropy weavers
  A deep elf demonologist (Vaults:1)
  2 spark wasps
  An ettin (Orc:2)
  Snorg (D:10)
  2 yaktaur captains (Vaults:1)
  8 vault guards (D:14)
  20 hydras
  An ice dragon (Vaults:1)
  Erolcha (Orc:1)
  Fannar (D:12)
  Erica (D:10)
  5 ghost crabs (Swamp:3)
  4 catoblepae
  9 alligators
  A death knight (D:13)
  3 centaur warriors
  7 dancing weapons (Spider:2)
  4 ogre magi
  5 death yaks (Lair:6)
  An orc high priest (Orc:1)
  2 tengu warriors (D:15)
  22 two-headed ogres
  A queen ant (Spider:4)
  Nergalle (D:10)
  A deep elf knight (Vaults:1)
  A skeletal warrior (Vaults:1)
  9 swamp dragons
  2 wizards
  2 spriggan druids
  3 unseen horrors
  4 shambling mangroves
  2 ironbrand convokers (Vaults:1)
  A deep elf archer (Vaults:1)
  10 deep elf magi
  6 orc knights
  20 orb spiders
  An orb spider (shapeshifter) (D:14)
  4 oklob plants (Lair:5)
  A necromancer (Vaults:1)
  5 ugly things
  A wolf spider zombie (D:14)
  8 orc sorcerers
  41 wolf spiders
  5 cyclopes
  3 manticores
  A centaur zombie (D:14)
  A moth of wrath (Spider:2)
  5 black mambas
  An elephant (Lair:5)
  Joseph (Lair:1)
  A vault sentinel (Vaults:1)
  A naga mage (D:15)
  3 gargoyles
  6 torpor snails
  16 spiny frogs
  A centaur skeleton (D:12)
  2 rime drakes (Lair:5)
  2 efreet
  14 demonic crawlers
  6 komodo dragons
  A tengu conjurer (D:15)
  A freezing wraith (D:15)
  9 yaktaurs (Vaults:1)
  4 trolls
  3 meliai (Spider:3)
  39 jumping spiders
  12 tyrant leeches
  18 hornets
  A queen bee (Spider:3)
  18 blink frogs
  9 hippogriffs
  12 slime creatures
  8 bog bodies
  73 redbacks
  4 shadows
  43 tarantellas
  3 wraiths
  3 spriggans
  2 wyverns
  A basilisk (D:12)
  65 yaks
  A basilisk (shapeshifter) (Vaults:1)
  A golden eye (shapeshifter) (Vaults:1)
  4 hungry ghosts
  9 vampire mosquitoes
  4 wargs
  16 swamp worms
  9 insubstantial wisps
  12 soldier ants
  9 water moccasins
  2 acid dragons
  7 porcupines
  Duvessa (D:6)
  15 swamp drakes
  4 sky beasts
  A necrophage (D:9)
  34 orc warriors
  A black bear (Lair:5)
  3 ice beasts
  3 phantoms
  3 wolves (Lair:1)
  33 ogres
  14 centaurs
  A big kobold (D:14)
  5 crocodiles
  16 bullfrogs
  2 gnoll sergeants (D:8)
  A water moccasin zombie (Ossuary)
  Dowan (D:6)
  14 killer bees
  9 scorpions
  3 howler monkeys
  13 wights
  10 jellies
  3 electric eels
  11 crimson imps
  2 quasits
  A yaktaur simulacrum (Vaults:1)
  2 bullfrog zombies
  27 orc priests
  3 bullfrog skeletons
  11 hounds
  26 orc wizards
  An iron imp (D:6)
  2 iguanas
  35 worker ants
  2 killer bee zombies
  6 hound zombies
  3 hound skeletons
  10 mummies (Ossuary)
  4 worker ant zombies
  Robin (D:2)
  3 howler monkey zombies (Ossuary)
  17 gnolls
  6 adders
  3 shadow imps
  An ooze (Lair:6)
  3 adder zombies
  2 adder skeletons
  5 worms
  2 dart slugs
  6 leopard geckos
  66 orcs
  A ball python (D:2)
  2 giant cockroaches (D:1)
  20 goblins
  5 hobgoblins
  13 jackals
  3 quokkas
  7 bats
  6 frilled lizards
  A giant cockroach zombie (Ossuary)
  2 jackal zombies
  14 kobolds
  A leopard gecko skeleton (D:7)
  5 leopard gecko zombies
  A quokka skeleton (D:8)
  A quokka zombie (D:5)
  11 rats
  2 briar patches (Swamp:3)
  A bush (Lair:1)
  2 fungi
  5 plants
  3 withered plants (Ossuary)
1284 creatures vanquished.

Vanquished Creatures (others)
  A spriggan druid (Swamp:3)
  A deep elf archer (Vaults:1)
  A deep elf mage (Vaults:1)
  2 yaktaurs (Vaults:1)
  A slime creature (Swamp:1)
  2 humans (Swamp:1)
  A scorpion (D:14)
  An orc priest (Vaults:1)
  A worker ant (Spider:4)
  An orc wizard (Orc:2)
  2 orcs (Vaults:1)
  4 plants
  2 withered plants (Ossuary)
20 creatures vanquished.

Grand Total: 1304 creatures vanquished

Notes
Turn   | Place    | Note
-------+----------+-------------------------------------------
     0 | D:1      | Peloso the Minotaur Fighter began the quest for the Orb.
     0 | D:1      | Reached XP level 1. HP: 19/19 MP: 0/0
   149 | D:1      | Reached XP level 2. HP: 27/27 MP: 1/1
   752 | D:1      | Reached XP level 3. HP: 33/33 MP: 2/2
   863 | D:2      | Noticed Robin
   897 | D:2      | Killed Robin
  1124 | D:2      | Reached XP level 4. HP: 40/40 MP: 3/3
  2326 | D:2      | Found a basalt altar of Yredelemnul.
  2423 | D:4      | Reached XP level 5. HP: 41/47 MP: 4/4
  2541 | D:4      | Reached skill level 5 in Shields
  2772 | D:5      | Entered Level 5 of the Dungeon
  2808 | D:5      | Reached skill level 5 in Long Blades
  2808 | D:5      | Reached XP level 6. HP: 53/53 MP: 5/5
  2834 | D:5      | Reached skill level 5 in Armour
  2850 | D:5      | Noticed a wraith
  2859 | D:5      | Killed a wraith
  2909 | D:5      | Reached XP level 7. HP: 41/60 MP: 6/6
  3107 | D:5      | Found a sand-covered staircase.
  3112 | Ossuary  | Entered an ossuary
  3323 | Ossuary  | Reached skill level 5 in Fighting
  3435 | Ossuary  | Reached XP level 8. HP: 66/68 MP: 7/7
  3891 | D:5      | Found a staircase to the Ecumenical Temple.
  3900 | Temple   | Entered the Ecumenical Temple
  4036 | Temple   | Became a worshipper of Warmaster Okawaru
  4241 | D:5      | Found an ornate altar of the Wu Jian Council.
  4241 | D:5      | Found a shimmering altar of Xom.
  4241 | D:5      | Found a shadowy altar of Dithmenos.
  4241 | D:5      | Found a sacrificial altar of Ru.
  4539 | D:6      | Reached * piety under Okawaru
  4611 | D:6      | Found a snail-covered altar of Cheibriados.
  4728 | D:6      | Noticed Dowan
  4728 | D:6      | Noticed Duvessa
  4737 | D:6      | Killed Dowan
  4749 | D:6      | Killed Duvessa
  4749 | D:6      | Reached skill level 1 in Dodging
  4899 | D:6      | Found a glowing silver altar of Zin.
  4926 | D:6      | Reached XP level 9. HP: 75/75 MP: 8/8
  4939 | D:6      | Reached ** piety under Okawaru
  5191 | D:7      | Reached skill level 10 in Long Blades
  5842 | D:8      | Found a hide-covered altar of Uskayaw.
  5881 | D:8      | Reached *** piety under Okawaru
  5928 | D:8      | Reached skill level 1 in Invocations
  6011 | D:8      | Noticed a two-headed ogre
  6028 | D:8      | Killed a two-headed ogre
  6028 | D:8      | Reached XP level 10. HP: 19/86 MP: 7/10
  6239 | D:8      | Reached **** piety under Okawaru
  6247 | D:8      | Reached skill level 10 in Shields
  6274 | D:8      | Found a deep blue altar of Sif Muna.
  6531 | D:9      | Found Tolydghu's Jewellery Emporium.
  6531 | D:9      | Found a staircase to the Orcish Mines.
  6812 | D:9      | Found a shattered altar of Ashenzari.
  6830 | D:9      | Noticed Gastronok
  6839 | D:9      | Noticed a two-headed ogre
  6852 | D:9      | Killed Gastronok
  6852 | D:9      | Reached ***** piety under Okawaru
  6859 | D:9      | Killed a two-headed ogre
  6952 | D:9      | Reached XP level 11. HP: 94/94 MP: 11/11
  6960 | D:9      | Found Aclekhlou's Antique Weapon Boutique.
  7049 | D:9      | Found Daseocsata's Book Shoppe.
  7127 | D:9      | Found Wuaxocy's Assorted Antiques.
  7392 | Orc:1    | Entered Level 1 of the Orcish Mines
  7401 | Orc:1    | Noticed an orc sorcerer
  7409 | Orc:1    | Killed an orc sorcerer
  7468 | Orc:1    | HP: 4/95 [poisoned by an orc warrior]
  7474 | Orc:1    | HP: 4/95 [poisoned by an orc warrior]
  7687 | D:9      | Bought a steaming plate armour for 644 gold pieces
  7701 | D:9      | Identified the cursed +0 plate armour "Guekhlash" {Regen+}
                  | (You bought it in a shop on level 9 of the Dungeon)
  7735 | D:10     | Entered Level 10 of the Dungeon
  7917 | D:10     | Noticed Snorg
  7935 | D:10     | Killed Snorg
  7935 | D:10     | Reached skill level 10 in Armour
  7996 | D:10     | Noticed Nergalle
  8017 | D:10     | Killed Nergalle
  8017 | D:10     | Received a gift from Okawaru
  8232 | D:10     | Noticed Erica
  8244 | D:10     | Killed Erica
  8570 | D:11     | Found a staircase to the Lair.
  8784 | D:11     | Noticed a cyan ugly thing
  8789 | D:11     | Noticed a purple ugly thing
  8790 | D:11     | Killed a cyan ugly thing
  8790 | D:11     | Received a gift from Okawaru
  8797 | D:11     | Killed a purple ugly thing
  8800 | D:11     | Got an iridescent great sword {god gift}
  9175 | Lair:1   | Entered Level 1 of the Lair of Beasts
  9230 | Lair:1   | Reached XP level 12. HP: 106/106 MP: 12/12
  9263 | Lair:1   | Noticed Joseph
  9269 | Lair:1   | Killed Joseph
  9269 | Lair:1   | Reached skill level 10 in Fighting
  9364 | Lair:1   | Found a shimmering altar of Xom.
  9634 | Lair:1   | Reached ****** piety under Okawaru
  9705 | Lair:1   | Noticed a five-headed hydra
  9719 | Lair:1   | Killed a two-headed hydra
  9719 | Lair:1   | Received a gift from Okawaru
 10291 | Lair:1   | Identified the +0 great sword "Xoynaor" {slice, Str+3
                  | Int+5} (Okawaru gifted it to you on level 11 of the
                  | Dungeon)
 10322 | Lair:2   | Noticed a catoblepas
 10357 | Lair:2   | Killed a catoblepas
 10622 | Lair:2   | Received a gift from Okawaru
 10648 | Lair:2   | Reached skill level 1 in Evocations
 11341 | Lair:3   | Noticed a five-headed hydra
 11347 | Lair:3   | Killed a one-headed hydra
 11347 | Lair:3   | Reached XP level 13. HP: 103/117 MP: 13/13
 11408 | Lair:3   | Identified a +0 pair of boots of running (You found it on
                  | level 3 of the Lair of Beasts)
 11610 | Lair:3   | Found a staircase to the Swamp.
 11638 | Lair:3   | Found a hole to the Spider Nest.
 12888 | Lair:5   | Reached skill level 15 in Long Blades
 12895 | Lair:5   | Reached skill level 1 in Stealth
 13011 | Lair:5   | Received a gift from Okawaru
 13644 | Lair:6   | Entered Level 6 of the Lair of Beasts
 13833 | Lair:6   | Received a gift from Okawaru
 14256 | Lair:6   | Found a runed door.
 14258 | Lair:6   | Found a viscous altar of Jiyva.
 14260 | Lair:6   | Found a staircase to the Slime Pits.
 14701 | Lair:6   | Reached XP level 14. HP: 132/132 MP: 14/14
 14715 | Lair:6   | Received a gift from Okawaru
 15246 | Orc:1    | Noticed an orc warlord
 15842 | Orc:1    | Killed an orc warlord
 15866 | Orc:1    | Paralysed by an orc sorcerer for 4 turns
 15970 | Orc:1    | Noticed Erolcha
 16178 | Orc:1    | Killed Erolcha
 16178 | Orc:1    | Reached skill level 15 in Fighting
 16338 | Orc:2    | Entered Level 2 of the Orcish Mines
 16427 | Orc:2    | Paralysed by an orc sorcerer for 7 turns
 16508 | Orc:1    | Received a gift from Okawaru
 16702 | Orc:2    | HP: 2/135 [sun demon[an orc sorcerer] (15)]
 17190 | Orc:2    | Found a staircase to the Elven Halls.
 17593 | Orc:2    | Found Pumiyqux's Magic Scroll Shop.
 17593 | Orc:2    | Found Nepietue's Gadget Shop.
 17594 | Orc:2    | Found Usiqo's Weapon Boutique.
 17597 | Orc:2    | Found Veasuus Nyul's Antique Armour Boutique.
 17600 | Orc:2    | Bought a scroll of acquirement for 520 gold pieces
 17600 | Orc:2    | Bought a scroll of enchant weapon for 75 gold pieces
 17600 | Orc:2    | Bought a scroll of enchant weapon for 75 gold pieces
 17769 | Orc:2    | Bought a scroll of holy word for 75 gold pieces
 17854 | D:12     | Reached skill level 15 in Armour
 17883 | D:12     | Found an opulent altar of Gozag.
 18087 | D:12     | Noticed Fannar
 18104 | D:12     | Killed Fannar
 19250 | D:13     | Reached XP level 15. HP: 90/144 MP: 16/16
 19665 | D:14     | Found a portal to a secret trove of treasure.
 19853 | D:14     | Received a gift from Okawaru
 19928 | D:14     | Found a gate to the Vaults.
 20704 | Orc:2    | Bought a scroll of teleportation for 30 gold pieces
 20704 | Orc:2    | Bought a scroll of identify for 20 gold pieces
 20856 | D:14     | You paid a toll of 16 scrolls of teleportation to enter a
                  | treasure trove
 20857 | Trove    | Entered a treasure trove
 20870 | Trove    | Got an ancient turquoise ring
 20876 | Trove    | Got a glittering silver ring
 20896 | Trove    | Got a pitted glass ring
 20906 | Trove    | Identified the ring "Pihont" {*Drain +Fly rElec rPois
                  | rC+++} (You found it in a treasure trove)
 20908 | Trove    | Identified the cursed ring of Osogh {rPois Str+2 Int-3
                  | Slay+3} (You found it in a treasure trove)
 20912 | Trove    | Identified the ring of Xom's Amusement {rPois Str+5 Int-3
                  | Dex+6 Stlth+} (You found it in a treasure trove)
 20937 | D:15     | Entered Level 15 of the Dungeon
 20989 | D:15     | Received a gift from Okawaru
 21908 | D:15     | Found a staircase to the Depths.
 22011 | D:15     | Found a hide-covered altar of Uskayaw.
 22073 | D:15     | Found an iron altar of Okawaru.
 22488 | Swamp:1  | Entered Level 1 of the Swamp
 22516 | Swamp:1  | Noticed Kirke
 22780 | Swamp:1  | Killed Kirke
 22935 | Swamp:1  | You are sucked into a shaft!
 23284 | Swamp:2  | Noticed a thorn hunter
 23297 | Swamp:2  | Killed a thorn hunter
 23373 | Swamp:1  | Received a gift from Okawaru
 23376 | Swamp:1  | Got a pair of jewelled gloves {god gift}
 23384 | Swamp:1  | Reached XP level 16. HP: 110/156 MP: 17/17
 23406 | Swamp:1  | Identified the +2 pair of gloves "Dirymunn" {rN+ MR+++
                  | Int+6 Stlth-} (Okawaru gifted it to you on level 1 of the
                  | Swamp)
 24465 | Swamp:3  | Reached skill level 5 in Dodging
 24548 | Swamp:3  | Noticed a thorn hunter
 24558 | Swamp:3  | Killed a thorn hunter
 25084 | Swamp:3  | Noticed a thorn hunter
 25099 | Swamp:3  | Killed a thorn hunter
 25830 | Swamp:4  | Entered Level 4 of the Swamp
 25853 | Swamp:4  | Received a gift from Okawaru
 26640 | Swamp:4  | Noticed a thorn hunter
 26652 | Swamp:4  | Killed a thorn hunter
 26652 | Swamp:4  | Reached skill level 15 in Shields
 26802 | Swamp:4  | Got a decaying rune of Zot
 27501 | Spider:1 | Entered Level 1 of the Spider Nest
 27578 | Spider:1 | Received a gift from Okawaru
 27614 | Spider:1 | Got a faintly humming chain mail {god gift}
 28022 | Spider:1 | Identified the +7 chain mail of Omission {*Corrode Str+8
                  | Dex+2} (Okawaru gifted it to you on level 1 of the Spider
                  | Nest)
 28039 | Spider:1 | Reached XP level 17. HP: 146/166 MP: 18/18
 29114 | Spider:2 | Found a runed door.
 29319 | Spider:2 | Found a runed gate.
 29320 | Spider:2 | Found a runed gate.
 29321 | Spider:2 | Found a runed gate.
 29335 | Spider:2 | Noticed Vyinu's ghost (adept GrFi)
 29395 | Spider:2 | Killed Vyinu's ghost
 29468 | Spider:2 | Noticed Arachne
 29484 | Spider:2 | Killed Arachne
 31216 | Spider:2 | Received a gift from Okawaru
 32475 | Spider:4 | Entered Level 4 of the Spider Nest
 32765 | Spider:4 | Reached XP level 18. HP: 168/176 MP: 0/19
 33379 | Spider:4 | Received a gift from Okawaru
 34224 | Spider:4 | Got a gossamer rune of Zot
 34535 | Spider:4 | Received a gift from Okawaru
 35264 | Spider:4 | Reached skill level 5 in Stealth
 35676 | Vaults:1 | Entered Level 1 of the Vaults
 35761 | Vaults:1 | Found Koyr's Weapon Shop.
 35799 | Vaults:1 | Found Honaz's Magic Scroll Shoppe.
 35822 | Vaults:1 | Found a flickering gateway to a bazaar.
 35830 | Bazaar   | Entered a bazaar
 35848 | Bazaar   | Found Niunnax's Armour Shoppe.
 35848 | Bazaar   | Found Warorrum's Antique Weapon Emporium.
 35895 | Bazaar   | Found Vopn's Antique Armour Shoppe.
 35895 | Bazaar   | Found Fasijafe's Magic Scroll Emporium.
 35961 | Bazaar   | Bought a jewelled hand crossbow for 204 gold pieces
 35981 | Bazaar   | Identified the +4 hand crossbow of the Heavens {elec, rF+}
                  | (You bought it in a shop in a bazaar)
 36734 | Vaults:1 | Received a gift from Okawaru
 36735 | Vaults:1 | Found the +8 demon blade "Leech" {vamp, rN+ AC-3 EV-3}
 36736 | Vaults:1 | Slain by a vault warden

Skill      XL: |  1  2  3  4  5  6  7  8  9 10 11 12 13 14 15 16 17 18 |
---------------+-------------------------------------------------------+-----
Armour         | 4 5 6 7 8 9 10 12 14 15 16 17 18 | 18.1
Shields        | 4 5 6 8 9 11 12 13 15 17 18 | 18.5
Fighting       | 4 5 7 8 9 11 14 16 17 18 19 20 | 20.0
Long Blades    | 3 4 5 6 7 9 10 12 13 14 15 16 17 18 19 20 | 20.0
Dodging        | 1 2 3 4 5 6 7 |  7.6
Invocations    | 1 2 |  2.9
Evocations     | 1 |  1.4
Stealth        | 2 3 4 5 |  5.1
Unarmed Combat | |  0.1

Action                   |  1- 3 |  4- 6 |  7- 9 | 10-12 | 13-15 | 16-18 || total
-------------------------+-------+-------+-------+-------+-------+-------++-------
Melee: Long sword        |   127 |   131 |   453 |   273 |       |       ||   984
       Headbutt          |    16 |    28 |   111 |   153 |   313 |   445 ||  1066
       Scimitar          |       |       |       |   177 |       |       ||   177
       Demon blade       |       |       |       |   111 |   748 |   431 ||  1290
       Double sword      |       |       |       |       |   331 |   914 ||  1245
       Punch             |       |       |       |       |     1 |       ||     1
       Unarmed           |       |       |       |       |     4 |       ||     4
Invok: Heroism           |       |       |     2 |     4 |     2 |     1 ||     9
Evoke: Wand              |       |       |       |     4 |       |     4 ||     8
  Use: Scroll            |       |     7 |    15 |     9 |    11 |     9 ||    51
       Potion            |       |       |     1 |       |     2 |     1 ||     4
 Stab: Sleeping          |       |       |       |       |     3 |    13 ||    16
       Confused          |       |       |       |       |       |     1 ||     1
       Distracted        |       |       |       |       |       |     4 ||     4
  Eat: Chunk             |       |     6 |     9 |    16 |    52 |    62 ||   145
       Ration            |       |       |     1 |       |     1 |       ||     2
Armor: Scale mail        |    14 |       |       |       |       |       ||    14
       Plate armour      |   102 |   100 |   232 |   251 |   519 |       ||  1204
       Shadow dragon sca |       |       |       |       |    54 |   694 ||   748
Dodge: Dodged            |    41 |    32 |    72 |   132 |   423 |   713 ||  1413
       Deflected         |       |     1 |       |     4 |       |    10 ||    15
Block: Shield            |    67 |    73 |   244 |   252 |   118 |  1288 ||  2042
       Reflection        |       |       |       |       |       |    17 ||    17
       Rpst.: Long sword |    11 |    10 |    16 |    16 |       |       ||    53
       Scimitar          |       |       |       |     5 |       |       ||     5
       Demon blade       |       |       |       |    15 |    69 |    27 ||   111
       Double sword      |       |       |       |       |    44 |    96 ||   140
